 Dungeon Crawl Stone Soup version 0.02-181-g1f18bfd (webtiles) character file.

Game seed: 2301509996227167948, levelgen mode: deterministic

56 Kalegnar the Grasshopper (level 3, -3/31 HPs) Gnoll Warper. Began on Oct 21, 2020. Slain by a sewer rat (10 damage) ... on level 2 of the Dungeon. The game lasted 00:05:15 (982 turns).

Kalegnar the Grasshopper (Gnoll Warper)              Turns: 982, Time: 00:05:15

Health: -3/31      AC:  3    Str: 14    XL:     3 ^: 1
Magic:  18/18      EV: 14    Int: 20    God:
Gold:   19         SH:  0    Dex: 14    Spells: 5/12 levels left

rFire    . . .     Vision   .   e - +0 hunting sling
rCold    . . .     Gourm    .   a - +0 whip
rNeg     . . .     Faith    .   b - +0 leather armour
rPois    .         Spirit   .   (no helmet)
rElec    .         Reflect  .   (no cloak)
rCorr    .         Harm     .   (no gloves)
MR       .....                  (no boots)
Stlth    +.........             c - amulet of the acrobat
HPRegen  0.20/turn              h - ring of magical power
MPRegen  0.28/turn              g - ring of intelligence

@: no status effects
A: distributed training, fangs 1, strong nose
a: no special abilities


You were on level 2 of the Dungeon.
You were not hungry.

You visited 1 branch of the dungeon, and saw 2 of its levels.

You collected 19 gold pieces.

Inventory:

Weapons
 a - a +0 whip (weapon)
 e - a +0 hunting sling (weapon)
Armour
 b - a +0 leather armour (worn)
Jewellery
 c - an amulet of the acrobat (around neck)
 g - a ring of intelligence (right hand)
 h - a ring of magical power (left hand)
 j - an uncursed ring of fire
 k - an uncursed ring of stealth
Scrolls
 d - a scroll of blinking
Comestibles
 f - 3 rations


   Skills:
 + Level 4.6 Fighting
 + Level 1.0 Short Blades
 + Level 1.0 Long Blades
 + Level 1.0 Axes & Hammers
 + Level 1.0 Whips & Flails
 + Level 1.0 Polearms
 + Level 1.0 Maces & Staves
 + Level 1.0 Slings
 + Level 1.0 Bows
 + Level 1.0 Crossbows
   Level 0.0 Throwing
 + Level 2.6 Armour
 + Level 4.6 Dodging
 + Level 1.0 Stealth
 + Level 1.0 Shields
 + Level 4.6 Unarmed Combat
 + Level 5.0 Spellcasting
 + Level 0.7 Hexes
 + Level 0.7 Charms
 + Level 0.7 Summonings
 + Level 0.7 Necromancy
 + Level 5.4 Translocations
 + Level 0.7 Transmutations
 + Level 0.7 Fire Magic
 + Level 0.7 Ice Magic
 + Level 0.7 Air Magic
 + Level 0.7 Earth Magic
 + Level 0.7 Poison Magic
 + Level 1.0 Invocations
 + Level 1.0 Evocations


You had 5 spell levels left.
You knew the following spells:

 Your Spells              Type           Power        Failure   Level  Hunger
a - Blink                 Tloc           N/A          1%          2    None
b - Shroud of Golubria    Chrm/Tloc      17 (200)     5%          2    None
c - Teleport Other        Hex/Tloc       17 (100)     11%         3    ##.....

Your spell library contained the following spells:

 Spells                   Type           Power        Failure   Level  Hunger
 Passage of Golubria      Tloc           N/A          14%         4    ####...
 Force Lance              Tloc/Air       17 (200)     34%         4    ####...
 Force Lasso              Tloc/Erth      17 (200)     34%         4    ####...


Dungeon Overview and Level Annotations

Branches:
Dungeon (2/8)

Altars:


Innate Abilities, Weirdness & Mutations

Your experience applies equally to all skills.
You have very sharp teeth.
Your uncanny sense of smell can sniff out nearby items.


Message History

You hit the sewer rat but do no damage. Your bite misses the sewer rat.
The sewer rat is healthy. (13/13) HP The sewer rat bites you (5).
You hit the sewer rat (1).
The sewer rat is lightly wounded. (12/13) HP The sewer rat barely misses you (0).
You barely miss the sewer rat. The sewer rat bites you (7)!
You hit the sewer rat (2).
You bite the sewer rat, but do no damage.
The sewer rat is lightly wounded. (9/11) HP The sewer rat misses you (0).
The sewer rat blocks your attack. The sewer rat bites you (7)!
You hit the sewer rat (1).
The sewer rat is moderately wounded. (8/11) HP The sewer rat bites you (4).
* * * LOW HITPOINT WARNING * * *
You hit the sewer rat but do no damage.
The sewer rat is moderately wounded. (8/11) HP The sewer rat bites you (10)!
You die... #### .≈# ≈≈# #.## #≈.# #@# #r# rrr

≈≈≈≈≈ ≈≈≈≈≈≈≈
≈≈≈≈≈≈≈≈≈
.;≈≈≈≈≈≈≈≈≈
≈..≈≈≈≈≈≈≈≈≈≈


You could see 4 sewer rats and a neutral slimehead (wandering) (passive).

Vanquished Creatures
  A giant cockroach (D:1)
  A sewer rat (D:1)
  2 dart slugs (D:1)
  2 leopard geckos (D:1)
  8 goblins (D:1)
  4 hobgoblins (D:1)
  2 kobolds (D:1)
  4 bats (D:1)
  3 rats (D:1)
27 creatures vanquished.

Notes
Turn   | Place    | Note
-------+----------+-------------------------------------------
     0 | D:1      | Kalegnar the Gnoll Warper began the quest for the Orb.
     0 | D:1      | Reached XP level 1. HP: 20/20 MP: 6/6
    35 | D:1      | Reached XP level 2. HP: 26/26 MP: 7/7
   148 | D:1      | Learned a level 2 spell: Blink
   151 | D:1      | Learned a level 2 spell: Shroud of Golubria
   280 | D:1      | Reached skill level 5 in Spellcasting
   280 | D:1      | Reached XP level 3. HP: 31/31 MP: 9/9
   286 | D:1      | Learned a level 3 spell: Teleport Other
   387 | D:1      | Reached skill level 1 in Invocations
   794 | D:1      | Reached skill level 1 in Short Blades
   794 | D:1      | Reached skill level 1 in Long Blades
   794 | D:1      | Reached skill level 1 in Axes & Hammers
   794 | D:1      | Reached skill level 1 in Whips & Flails
   794 | D:1      | Reached skill level 1 in Polearms
   794 | D:1      | Reached skill level 1 in Maces & Staves
   794 | D:1      | Reached skill level 1 in Slings
   794 | D:1      | Reached skill level 1 in Bows
   794 | D:1      | Reached skill level 1 in Crossbows
   794 | D:1      | Reached skill level 1 in Stealth
   794 | D:1      | Reached skill level 1 in Shields
   794 | D:1      | Reached skill level 1 in Evocations
   982 | D:2      | Slain by a sewer rat

Levels and vault maps discovered:
D:1:      eino_arrival_druids_welcome, layout_loops_corners
D:2:      kennysheep_slugbush, layout_sewer,
          bcadren_lemuel_inverted_doored_altar, tgw_sif

Skill      XL: |  1  2  3 |
---------------+----------+-----
Spellcasting   | 5 |  5.0
Invocations    | 1 |  1.0
Short Blades   | 1 |  1.0
Long Blades    | 1 |  1.0
Axes & Hammers | 1 |  1.0
Whips & Flails | 1 |  1.0
Polearms       | 1 |  1.0
Maces & Staves | 1 |  1.0
Slings         | 1 |  1.0
Bows           | 1 |  1.0
Crossbows      | 1 |  1.0
Stealth        | 1 |  1.0
Shields        | 1 |  1.0
Evocations     | 1 |  1.0
Fighting       | |  4.6
Armour         | |  2.6
Dodging        | |  4.6
Unarmed Combat | |  4.6
Hexes          | |  0.7
Charms         | |  0.7
Summonings     | |  0.7
Necromancy     | |  0.7
Translocations | |  5.4
Transmutations | |  0.7
Fire Magic     | |  0.7
Ice Magic      | |  0.7
Air Magic      | |  0.7
Earth Magic    | |  0.7
Poison Magic   | |  0.7

Action                   || total
-------------------------++-------
Melee: Whip              ||    44
       Unarmed           ||     1
       Bite              ||     4
 Fire: Hunting sling     ||    52
 Cast: Teleport Other    ||     4
       Shroud of Golubri ||     1
 Stab: Sleeping          ||     1
Armor: Leather armour    ||     1
Dodge: Dodged            ||    39
